 Dungeon Crawl Stone Soup version 0.31-a0-875-g02e7d12df6 (webtiles) character file.

Game seed: 16897106261532418417

20 Azuregosa the Sneak (level 2, -3/17 HPs)
             Began as an Octopode Enchanter on Oct 12, 2023.
             Slain by a worm (7 damage)
             ... on level 2 of the Dungeon.
             The game lasted 00:03:57 (481 turns).

Azuregosa the Sneak (Octopode Enchanter)             Turns: 481, Time: 00:03:58

Health: -3/17      AC:  1    Str:  7    XL:     2   Next: 79%
Magic:  5/5        EV: 13    Int: 17    God:
Gold:   30         SH:  0    Dex: 12    Spells: 3/5 levels left

rFire   . . .        h - +0 whip (drain)
rCold   . . .        (no shield)
rNeg    . . .        (helmet restricted)
rPois   .            (no amulet)
rElec   .            (no ring)
rCorr   .            (no ring)
SInv    .            (no ring)
Will    .....        (no ring)
Stlth   ++++         (no ring)
HPRegen 0.22/turn    (no ring)
MPRegen 0.09/turn    (no ring)
                     (no ring)

%: no passive effects
@: no status effects
A: almost no armour, amphibious, 8 rings, camouflage 1, gelatinous body 1,
(nimble swimmer 1), tentacles
a: no special abilities


You were on level 2 of the Dungeon.
You visited 1 branch of the dungeon, and saw 2 of its levels.

You collected 30 gold pieces.

Inventory:

Hand Weapons
 a - a +1 dagger
 h - a +0 whip of draining (weapon)
Scrolls
 c - 2 scrolls of enchant armour {unknown}
 g - a scroll of revelation {unknown}
Potions
 b - 2 potions of invisibility
 d - a potion of brilliance {unknown}
 e - a potion of might {unknown}
 f - 2 potions of curing {unknown}


   Skills:
 - Level 1.0 Short Blades
 - Level 2.0 Dodging
 + Level 4.5 Stealth
 + Level 2.3 Spellcasting
 + Level 3.2 Hexes


You had 3 spell levels left.
You knew the following spells:

 Your Spells              Type           Power      Damage    Failure   Level
a - Ensorcelled Hibernat  Hex/Ice        14%        N/A       14%         2

Your spell library contained the following spells:

 Spells                   Type           Power      Damage    Failure   Level
 Confusing Touch          Hex            13%        N/A       14%         3
 Tukima's Dance           Hex            13%        N/A       14%         3
 Dazzling Flash           Conj/Hex       14%        N/A       28%         3


Dungeon Overview and Level Annotations

Branches:
Dungeon (2/15)

Altars:


Innate Abilities, Weirdness & Mutations

You cannot wear most types of armour.
You are amphibious.
You can wear up to eight rings at the same time.
Your skin changes colour to match your surroundings (Stealth+).
Your rubbery body absorbs attacks. (AC +1, EV +1)
((You are camouflaged when in or above water. (Stealth+)))
You have tentacles for arms and can constrict up to eight enemies at once.


Message History

The helpless bat fails to defend itself.
You hit the bat. You grab the bat.
The bat is severely wounded.
You constrict the bat, but do no damage.
The bat hits you.
The bat struggles to escape constriction.
The bat barely misses you.
You hit the bat.
You kill the bat!
Found a stone staircase leading down.
You see here a bat corpse.
The helpless giant cockroach fails to defend itself.
You hit the giant cockroach but do no damage.
Your grab misses the giant cockroach. You squeeze the giant cockroach.
You kill the giant cockroach!
You now have 30 gold pieces (gained 14).
There is a stone staircase leading down here.
You climb downwards.
Found a glowing silvery potion and 3 gold pieces.
There is a stone staircase leading up here.
The helpless hobgoblin fails to defend itself.
You hit the hobgoblin. You grab the hobgoblin.
The hobgoblin is heavily wounded.
You constrict the hobgoblin, but do no damage.
The hobgoblin barely misses you.
You hit the hobgoblin.
You kill the hobgoblin!
The worm bites you!
Ouch! That really hurt!
You hit the worm. You drain the worm. You grab the worm.
The worm is heavily wounded.
You constrict the worm. You hit the worm but do no damage.
The worm is heavily wounded.
You constrict the worm. The worm bites you.
* * * LOW HITPOINT WARNING * * *
You hit the worm.
The worm is almost dead.
You constrict the worm. The worm bites you!
You die...

#...# #.... #...#
#####....
#########<..###........
................# #<...
#####......##### #....
###......# #....
###.†......# #....
#.!........## ..###
#...#@...$... .##
#.......w.####.. .
....###.### ## .. ....
#.# ... #.. #. ##. . ..


You could see a worm (drained).

Vanquished Creatures
  A dart slug (D:1)
  A ball python (D:2)
  3 bats (D:1)
  An endoplasm (D:2)
  2 giant cockroaches (D:1)
  A goblin (D:1)
  2 hobgoblins
  A quokka (D:1)
  3 kobolds
  A rat (D:1)
16 creatures vanquished.

Notes
Turn   | Place    | Note
-------+----------+-------------------------------------------
     0 | D:1      | Azuregosa the Octopode Enchanter began the quest for the
                  | Orb.
     0 | D:1      | Reached XP level 1. HP: 11/11 MP: 3/3
   106 | D:1      | Reached XP level 2. HP: 17/17 MP: 5/5
   109 | D:1      | Learned a level 2 spell: Ensorcelled Hibernation
   481 | D:2      | Slain by a worm

Illustrated notes

Levels and vault maps discovered:
D:1:      roderic_chinese_lattice_arrival, layout_basic
D:2:      wander_river, layout_rooms, uniq_terence

Action                     || total
---------------------------++-------
  Melee: Dagger            ||    19
         Constrict         ||     9
         Tentacles         ||     5
         Whip              ||    10
   Stab: Sleeping          ||     5
 Armour: Skin              ||     8
  Dodge: Dodged            ||     9

Table legend: (Time is in decaauts)
 A = Elapsed time spent in this place.
 B = Non-inter-level travel time spent in this place.
 C = Inter-level travel time spent in this place.
 D = Time resting spent in this place.
 E = Time spent auto-exploring this place.
 F = Levels seen in this place.
 G = Mean time per level.
                   A        B        C        D        E       F      G
               +--------+--------+--------+--------+--------+-----+--------+
         Total |    480 |    480 |      0 |      0 |    313 |   2 |  240.0 |
       Dungeon |    480 |    480 |      0 |      0 |    313 |   2 |  240.0 |
               +--------+--------+--------+--------+--------+-----+--------+

Top non-repeatable levels by time:
     D:1: 444 daAuts
     D:2: 36 daAuts
